 Dungeon Crawl Stone Soup version 0.24.0-1-gfbc8707 (webtiles) character file.

Game seed: 16904817440493609023, levelgen mode: deterministic

19118 Blackhawk the Fighter (level 12, -8/113 HPs)
             Began as a Hill Orc Monk on Nov 1, 2019.
             Was a High Priest of Beogh.
             Mangled by Rupert
             ... wielding a +1 battleaxe of freezing
              (19 damage)
             ... on level 3 of the Lair of Beasts.
             The game lasted 00:25:50 (14975 turns).

Blackhawk the Fighter (Hill Orc Monk)              Turns: 14975, Time: 00:25:50

Health: -8/113     AC: 11    Str: 19    XL:     12   Next: 65%
Magic:  0/21       EV: 12    Int: 10    God:    Beogh [*****.]
Gold:   861        SH: 13    Dex: 23    Spells: 11/11 levels left

rFire    + + .     SeeInvis .   x - +10 rapier of Division {flame, rF++ rN+ Dex+5}
rCold    . . .     Gourm    .   M - +0 shield
rNeg     + . .     Faith    .   s - +1 chain mail {MR+}
rPois    +         Spirit   +   m - +1 hat {MR+}
rElec    .         Reflect  .   (no cloak)
rCorr    .         Harm     .   (no gloves)
MR       +++..                  e - +0 pair of boots
Stlth    ..........             h - amulet of guardian spirit
HPRegen  0.28/turn              o - ring of poison resistance
MPRegen  0.17/turn              X - ring "Amotisch" {MP+9 Dex+5}

@: no status effects
A: walk on water, blink, blurry vision 1, deterioration 1, magic resistance 1
a: Blink, Smiting, Recall Orcish Followers, Give Item to Named Follower,
Renounce Religion


You were on level 3 of the Lair of Beasts.
You worshipped Beogh.
Beogh was extremely pleased with you.
You were hungry.

You visited 2 branches of the dungeon, and saw 14 of its levels.

You collected 861 gold pieces.

Inventory:

Hand Weapons
 a - a +1 hand axe
 x - the +10 rapier of Division (weapon) {flame, rF++ rN+ Dex+5}
   (You found it on level 4 of the Dungeon)

   It has been specially enchanted to burn those struck by it, causing extra
   injury to most foes and up to half again as much damage against particularly
   susceptible opponents.
   It affects your dexterity (+5).
   It greatly protects you from fire.
   It protects you from negative energy.
Armour
 e - a +0 pair of boots (worn)
 m - a +1 hat of magic resistance (worn)
 s - a +1 chain mail of magic resistance (worn)
 M - a +0 shield (worn)
 W - a +0 hat
 Y - the cursed +0 hat "Qaniuneg" {rPois MR- Str+4 Int+9}
   (You found it on level 10 of the Dungeon)

   It affects your strength (+4).
   It affects your intelligence (+9).
   It protects you from poison.
   It affects your resistance to hostile enchantments.
   It has a curse placed upon it.
Jewellery
 g - an uncursed ring of protection from magic {unknown}
 h - an amulet of guardian spirit (around neck)
 i - a cursed amulet of magic regeneration
 o - a ring of poison resistance (left hand)
 D - an uncursed ring of resist corrosion
 F - an uncursed amulet of regeneration {unknown}
 G - a cursed -2 ring of protection {unknown}
 J - an uncursed ring of ice {unknown}
 Q - the amulet "Korphugh" {Faith rF+ MR+ Str+7 Int+2}
   (You took it off an efreet on level 10 of the Dungeon)

   [amulet of faith]

   It allows you to gain divine favour quickly.
   It affects your strength (+7).
   It affects your intelligence (+2).
   It protects you from fire.
   It affects your resistance to hostile enchantments.
 T - the amulet "Dahadiek" {Gourm *Slow +Blink rElec rF+++}
   (You found it on level 10 of the Dungeon)

   [amulet of the gourmand]

   It allows you to eat raw meat even when not hungry.
   It renders you almost immune to fire.
   It insulates you from electricity.
   It lets you blink.
   It may slow you when you take damage.
 V - the ring of Acziplau {Ice rElec Int+2}
   (You found it on level 10 of the Dungeon)

   [ring of ice]

   It enhances your ice magic.
   It affects your intelligence (+2).
   It makes you vulnerable to fire.
   It protects you from cold.
   It insulates you from electricity.
 X - the ring "Amotisch" (right hand) {MP+9 Dex+5}
   (You found it on level 10 of the Dungeon)

   [ring of magical power]

   It affects your dexterity (+5).
   It affects your magic capacity (+9).
Wands
 b - a wand of random effects (9)
 p - a wand of flame (22)
 H - a wand of enslavement (6)
 I - a wand of digging (7)
 L - a wand of paralysis (8)
 O - a wand of disintegration (10)
 R - a wand of iceblast (5)
 Z - a wand of polymorph (2)
Scrolls
 d - 8 scrolls of enchant armour
 f - 4 scrolls of teleportation
 k - 2 scrolls of blinking
 l - 2 scrolls of random uselessness {unknown}
 n - 2 scrolls of enchant weapon
 q - 8 scrolls of identify
 t - 2 scrolls of fog {unknown}
 u - 7 scrolls of remove curse {unknown}
 y - a scroll of vulnerability {unknown}
 z - 2 scrolls of magic mapping {unknown}
 B - 2 scrolls of fear
 C - 2 scrolls of amnesia {unknown}
 K - a scroll of silence {unknown}
 U - a scroll of immolation {unknown}
Potions
 j - a potion of invisibility
 r - 2 potions of degeneration
 v - 3 potions of curing
 w - 2 potions of magic {unknown}
 A - a potion of heal wounds {unknown}
 E - a potion of lignification {unknown}
 N - a potion of brilliance {unknown}
 P - 3 potions of haste {unknown}
 S - a potion of flight {unknown}
Comestibles
 c - 24 rations


   Skills:
 + Level 12.7 Fighting
 + Level 9.4 Short Blades
 - Level 7.4 Axes
 + Level 9.3 Dodging
 - Level 2.6 Stealth
 + Level 10.3 Shields


You had 11 spell levels left.
You didn't know any spells.
Your spell library contained the following spells:

 Spells                   Type           Power        Failure   Level  Hunger
 Confusing Touch          Hex            #.....       100%        1    ##.....
 Corona                   Hex            #......      100%        1    ##.....
 Magic Dart               Conj           #...         100%        1    ##.....
 Sandblast                Erth           #.....       100%        1    ##.....
 Ensorcelled Hibernation  Hex/Ice        #.....       100%        2    ###....
 Passwall                 Tmut/Erth      #.......     100%        2    ###....
 Searing Ray              Conj           #.....       100%        2    ###....
 Confuse                  Hex            #.......     100%        3    ####...
 Dazzling Spray           Conj/Hex       #.....       100%        3    ####...
 Gell's Gravitas          Tloc           #.........   100%        3    ####...
 Stone Arrow              Conj/Erth      #.....       100%        3    ####...
 Tukima's Dance           Hex            #.......     100%        3    ####...
 Force Lance              Conj/Tloc      #.......     100%        4    #####..
 Fulminant Prism          Conj/Hex       #.........   100%        4    #####..
 Iskenderun's Mystic Bla  Conj           #.......     100%        4    #####..
 Petrify                  Tmut/Erth      #.......     100%        4    #####..
 Lee's Rapid Deconstruct  Erth           #.........   100%        5    ######.
 Metabolic Englaciation   Hex/Ice        #.........   100%        5    ######.
 Yara's Violent Unravell  Hex/Tmut       #.........   100%        5    ######.


Dungeon Overview and Level Annotations

Branches:
Dungeon (11/15)            Temple (0/1) D:7            Lair (3/6) D:8
    Orc (0/2) D:9
  Swamp: Lair:2-4    Shoals: Lair:2-4     Snake: Lair:2-4    Spider: Lair:2-4

Altars:
Ashenzari
Elyvilon
Fedhas
Kikubaaqudgha
Nemelex Xobeh
Okawaru
Qazlal
Ru
Sif Muna
Trog
Uskayaw
Vehumet
Wu Jian
Xom
Zin
The Shining One

Shops:
D:10 }[=!

Annotations:
D:4 3 runed translucent doors, Bazzalis's ghost, amateur OpTm; dforspid's ghost, amateur MfTm; edsrzf's ghost, weakling DEAs; mopl's ghost, novice TrAM
D:8 3 runed translucent doors, Illumine's ghost, novice GnNe
D:9 exclusion: oklob sapling
Lair:2 exclusion: oklob plant
Lair:3 exclusion: oklob plant, Rupert


Innate Abilities, Weirdness & Mutations

You can walk on water.
You can translocate small distances at will.
Scrolls take you a little longer to read.
Your body sometimes deteriorates upon taking damage.
You are resistant to hostile enchantments. (MR+)


Message History

You puncture Rupert! You burn Rupert.
Rupert is severely wounded.
Rupert hits you but does no damage.
The blink frog blinks!
You puncture Rupert! You burn Rupert.
Rupert is severely wounded.
Rupert hits you with a +1 battleaxe of freezing!!
* * * LOW HITPOINT WARNING * * *
Rupert freezes you!
* * * LOW HITPOINT WARNING * * *
You hit Rupert. You burn Rupert.
Rupert is severely wounded.
Rupert closely misses you.
You hit Rupert. You burn Rupert.
Rupert is almost dead.
You block Rupert's attack.
You closely miss Rupert.
Rupert is almost dead.
The blink frog blinks!
Rupert hits you with a +1 battleaxe of freezing!!
You die...

#... ..$ # #..##..
#...#.####
#.>.#....# ###
#...#....+.
..).#..@.#....#
#..#.@.#..P#
#.....# #.#.§.#
##.. #.##...##
##... ##
##...###....
#........#
##...⌠...#
##........######+#
#...⌠...⌠...##....


You could see Rupert (berserk).

Vanquished Creatures
  A two-headed ogre (D:10)
  4 death yaks (Lair:3)
  Pikel (D:7)
  An ugly thing (D:10)
  A cyclops (D:10)
  2 spiny frogs
  A spiny frog (shapeshifter) (D:10)
  2 trolls (D:9)
  2 polar bears (Lair:2)
  Grinder (D:6)
  2 blink frogs (Lair:3)
  2 hippogriffs
  Sigmund (D:3)
  A wyvern (Lair:3)
  A vampire (D:10)
  9 yaks
  4 water moccasins
  Duvessa (D:6)
  6 porcupines
  3 orc warriors
  A slave (D:7)
  2 ice beasts
  2 black bears
  2 necrophages (D:10)
  3 sky beasts
  7 ogres
  4 wolves
  4 phantoms
  2 centaurs
  Blork the orc (D:6)
  2 crocodiles
  8 bullfrogs
  2 big kobolds (D:9)
  A gnoll sergeant (D:9)
  A wyvern zombie (D:10)
  Dowan (D:6)
  4 scorpions
  9 killer bees
  3 howler monkeys
  2 electric eels (D:11)
  2 centaur zombies (D:10)
  3 crimson imps
  A quasit (D:9)
  4 jellies
  4 orc priests (D:6)
  4 hounds
  A gnoll shaman (D:5)
  A bullfrog skeleton (D:4)
  An iguana (D:6)
  Natasha (thrice) (D:3)
  Terence (D:3)
  3 orc wizards
  6 worker ants
  Ijyb (D:3)
  A killer bee zombie (D:6)
  A worker ant zombie (D:5)
  Robin (D:3)
  14 gnolls
  A howler monkey skeleton (D:6)
  11 adders
  3 shadow imps
  4 oozes (D:8)
  An adder zombie (D:6)
  5 worms
  2 adder skeletons
  A dart slug (D:1)
  5 leopard geckos
  21 orcs
  6 ball pythons
  7 bats
  2 giant cockroaches
  14 goblins
  11 hobgoblins
  15 jackals
  11 kobolds
  8 quokkas
  2 frilled lizards
  A jackal skeleton (D:4)
  A leopard gecko zombie (D:6)
  5 rats
296 creatures vanquished.

Vanquished Creatures (collateral kills)
  Gastronok (Lair:2)
  Urug (D:11)
  An oklob plant (Lair:2)
  A black mamba (Lair:2)
  A komodo dragon (Lair:2)
  An efreet (D:10)
  A troll (D:9)
  A vampire (D:11)
  A yak (D:8)
  A basilisk (Lair:2)
  2 porcupines
  2 water moccasins
  3 orc warriors
  2 black bears (D:8)
  An ogre (D:8)
  A centaur (D:8)
  2 crocodiles
  4 bullfrogs
  5 big kobolds (D:9)
  2 gnoll sergeants (D:9)
  A wyvern zombie (D:11)
  A scorpion (D:10)
  A killer bee (D:9)
  A jelly (D:8)
  2 hounds
  A gnoll shaman (D:10)
  9 gnolls
  An adder (D:9)
  An ooze (D:8)
  An orc (D:11)
  A ball python (D:9)
  6 kobolds
  2 fungi (D:8)
  2 plants
64 creatures vanquished.

Vanquished Creatures (others)
  2 orc knights
  An orc warrior (D:9)
  A slave (D:7)
  A scorpion (D:7)
  3 orc priests (D:8)
  An orc wizard (D:10)
  14 orcs
  7 fungi
  6 plants
36 creatures vanquished.

Grand Total: 396 creatures vanquished

Notes
Turn   | Place    | Note
-------+----------+-------------------------------------------
     0 | D:1      | Blackhawk the Hill Orc Monk began the quest for the Orb.
     0 | D:1      | Reached XP level 1. HP: 19/19 MP: 1/1
   115 | D:1      | Reached XP level 2. HP: 21/27 MP: 2/2
   688 | D:1      | Reached skill level 4 in Fighting
   688 | D:1      | Reached XP level 3. HP: 26/33 MP: 1/3
  1113 | D:2      | Reached XP level 4. HP: 21/40 MP: 1/4
  1893 | D:2      | Found an iron altar of Okawaru.
  2159 | D:3      | Noticed Ijyb
  2186 | D:3      | Killed Ijyb
  2186 | D:3      | Reached skill level 5 in Axes
  2186 | D:3      | Reached XP level 5. HP: 25/47 MP: 5/5
  2389 | D:3      | Noticed Sigmund
  2409 | D:3      | Gained mutation: You are resistant to hostile enchantments.
                  | (MR+) [potion of mutation]
  2409 | D:3      | Gained mutation: Your body sometimes deteriorates upon
                  | taking damage. [potion of mutation]
  2409 | D:3      | Gained mutation: Scrolls take you a little longer to read.
                  | [potion of mutation]
  2409 | D:3      | Gained mutation: You can translocate small distances at
                  | will. [potion of mutation]
  2430 | D:3      | Killed Sigmund
  2430 | D:3      | Reached skill level 5 in Fighting
  2430 | D:3      | Reached XP level 6. HP: 10/56 MP: 1/6
  2869 | D:3      | Found a glowing golden altar of the Shining One.
  2922 | D:3      | Noticed Natasha
  2940 | D:3      | Killed Natasha
  2964 | D:3      | Noticed Terence
  2997 | D:3      | Killed Terence
  3445 | D:3      | Noticed Robin
  3464 | D:3      | Killed Robin
  3558 | D:3      | Noticed Natasha
  3566 | D:3      | Killed Natasha
  3566 | D:3      | Reached XP level 7. HP: 48/62 MP: 7/7
  3624 | D:3      | Noticed Natasha
  3630 | D:3      | Killed Natasha
  3689 | D:3      | Found a faded altar of an unknown god.
  3998 | D:4      | Reached skill level 6 in Fighting
  4456 | D:4      | Found a sacrificial altar of Ru.
  4755 | D:4      | Reached skill level 1 in Shields
  4755 | D:4      | Reached XP level 8. HP: 55/71 MP: 8/8
  4836 | D:4      | Found a shimmering blue altar of Sif Muna.
  4859 | D:4      | Found a runed translucent gate.
  4859 | D:4      | Found a runed translucent gate.
  4859 | D:4      | Found a runed translucent gate.
  4861 | D:4      | Noticed Bazzalis's ghost (amateur OpTm)
  4861 | D:4      | Noticed mopl's ghost (novice TrAM)
  4862 | D:4      | Noticed dforspid's ghost (amateur MfTm)
  4862 | D:4      | Noticed edsrzf's ghost (weakling DEAs)
  4991 | D:4      | Found a shattered altar of Ashenzari.
  5105 | D:4      | Got an iridescent rapier
  5118 | D:4      | Identified the +10 rapier of Division {flame, rF++ rN+
                  | Dex+5} (You found it on level 4 of the Dungeon)
  5258 | D:5      | Entered Level 5 of the Dungeon
  5304 | D:5      | Found a white marble altar of Elyvilon.
  5350 | D:5      | Reached skill level 1 in Short Blades
  5415 | D:5      | Reached skill level 7 in Fighting
  5466 | D:5      | Became a worshipper of Beogh the Brigand
  5466 | D:5      | Reached * piety under Beogh
  5466 | D:5      | Reached ** piety under Beogh
  5690 | D:5      | Reached skill level 5 in Dodging
  5857 | D:5      | Found a shimmering altar of Xom.
  5858 | D:5      | Found an ancient bone altar of Kikubaaqudgha.
  6303 | D:5      | You fall into a shaft and drop 1 floor!
  6435 | D:6      | Noticed Blork the orc
  6436 | D:6      | Noticed Grinder
  6447 | D:6      | Killed Blork the orc
  6450 | D:6      | Killed Grinder
  6513 | D:6      | Reached XP level 9. HP: 79/81 MP: 9/9
  6528 | D:6      | Reached skill level 8 in Fighting
  6722 | D:6      | Found a sparkling altar of Nemelex Xobeh.
  6950 | D:6      | Noticed Duvessa
  6956 | D:6      | Killed Duvessa
  7011 | D:6      | Noticed Dowan
  7014 | D:6      | Killed Dowan
  7313 | D:7      | Reached skill level 5 in Shields
  7318 | D:7      | Noticed Pikel
  7334 | D:7      | Killed Pikel
  7334 | D:7      | Reached skill level 9 in Fighting
  7457 | D:7      | Reached skill level 5 in Short Blades
  7467 | D:7      | Reached *** piety under Beogh
  7603 | D:7      | Reached XP level 10. HP: 79/91 MP: 8/10
  7712 | D:7      | Found a staircase to the Ecumenical Temple.
  8051 | D:8      | Gained Grimold as an ally
  8051 | D:8      | Gained Brunolf as an ally
  8062 | D:8      | Your ally Brunolf died
  8064 | D:8      | Your ally Grimold died
  8080 | D:8      | Found a staircase to the Lair.
  8306 | D:8      | Reached skill level 10 in Fighting
  8486 | D:8      | Found a runed translucent gate.
  8486 | D:8      | Found a runed translucent gate.
  8486 | D:8      | Found a runed translucent gate.
  8486 | D:8      | Noticed Illumine's ghost (novice GnNe)
  8549 | D:8      | Found a bloodstained altar of Trog.
  8665 | D:8      | Found a radiant altar of Vehumet.
  8885 | D:8      | Found a stormy altar of Qazlal.
  9089 | D:9      | Reached **** piety under Beogh
  9278 | D:9      | Found an ornate altar of the Wu Jian Council.
  9282 | D:9      | Found a hide-covered altar of Uskayaw.
  9710 | D:9      | Found a glowing silver altar of Zin.
  9776 | D:9      | Found a staircase to the Orcish Mines.
  9797 | D:9      | Reached XP level 11. HP: 22/101 MP: 4/11
 10594 | D:9      | Gained Berold as an ally
 10715 | D:9      | Found a blossoming altar of Fedhas.
 10745 | D:10     | Entered Level 10 of the Dungeon
 10745 | D:10     | Found Gaopekel's Jewellery Emporium.
 10825 | D:10     | Reached ***** piety under Beogh
 10949 | D:10     | Found Akkoel's Antique Armour Shop.
 10963 | D:10     | Found Juley's Gadget Emporium.
 11046 | D:10     | Noticed a two-headed ogre
 11046 | D:10     | Noticed a cyclops
 11052 | D:10     | Noticed a green ugly thing
 11282 | D:9      | Reached skill level 11 in Fighting
 11340 | D:10     | Found Weanur's Distillery.
 11429 | D:10     | Identified the amulet "Dahadiek" {Gourm *Slow +Blink rElec
                  | rF+++}
 11452 | D:10     | Killed a green ugly thing
 11467 | D:10     | Identified the amulet "Korphugh" {Faith rF+ MR+ Str+7
                  | Int+2}
 11472 | D:10     | Killed a two-headed ogre
 11474 | D:10     | Killed a cyclops
 11795 | D:10     | Got a transparent glass ring
 11841 | D:10     | Got a sparkling jade ring
 12005 | D:10     | Got a twisted hat
 12204 | D:11     | HP: 3/102 [electric eel/bolt of electricity (11)]
 12503 | D:11     | Noticed Urug
 12513 | D:11     | Killed Urug
 12730 | D:11     | Noticed a cyan ugly thing
 12810 | Lair:1   | Entered Level 1 of the Lair of Beasts
 13015 | D:8      | Identified the cursed +0 hat "Qaniuneg" {rPois MR- Str+4
                  | Int+9} (You found it on level 10 of the Dungeon)
 13017 | D:8      | Identified the ring of Acziplau {Ice rElec Int+2} (You
                  | found it on level 10 of the Dungeon)
 13019 | D:8      | Identified the ring "Amotisch" {MP+9 Dex+5} (You found it
                  | on level 10 of the Dungeon)
 13563 | Lair:2   | Noticed Gastronok
 13565 | Lair:2   | Noticed an oklob plant
 13576 | Lair:2   | Killed Gastronok
 13576 | Lair:2   | Reached XP level 12. HP: 98/112 MP: 12/12
 13752 | Lair:2   | Reached skill level 12 in Fighting
 14312 | Lair:2   | Your ally Berold died
 14637 | Lair:3   | Noticed a death yak
 14637 | Lair:3   | Noticed a death yak
 14638 | Lair:3   | Noticed a death yak
 14653 | Lair:3   | Noticed a death yak
 14657 | Lair:3   | Killed a death yak
 14673 | Lair:3   | Killed a death yak
 14679 | Lair:3   | Killed a death yak
 14679 | Lair:3   | Reached skill level 10 in Shields
 14686 | Lair:3   | Killed a death yak
 14946 | Lair:3   | Noticed Rupert
 14975 | Lair:3   | Mangled by Rupert

Levels and vault maps discovered:
D:1:      dpeg_arrival_court, layout_loops_ring, minmay_strange_pillars
D:2:      layout_loops_ring, nicolae_overflow_hidden_temple
D:3:      kennysheep_goblin_castle, layout_loops_ring, lemuel_round_altar,
          chequers_ecumenical_altar_simple, uniq_natasha, uniq_sigmund,
          uniq_terence, uniq_robin
D:4:      layout_basic, kennysheep_mini, overflow_temple_1_default,
          nicolae_ru_awakened_eye, first_ration, gammafunk_ghost_cemetery,
          moated_statue
D:5:      layout_gridville, lemuel_round_altar,
          chequers_temple_overflow_statue_of_worship, saegor_snake_ambush,
          uniq_ijyb
D:6:      layout_loops_cross, kennysheep_mini_moat, uniq_duvessa, uniq_grinder,
          uniq_blork_the_orc
D:7:      layout_rooms, minmay_temple_entry_tees, uniq_pikel
D:8:      layout_cave_pools, trog_ov_bears_minmay, due_lair_maze_entry_diamond,
          basic_altar, gammafunk_ghost_nasty_kobolds,
          hangedman_little_slice_of_home, minmay_misc_feat_doors,
          nicolae_qazlal_style_of_elements
D:9:      layout_basic, kennysheep_little_box, grunt_temple_overflow_open,
          kennysheep_orc_monster_closet_entryway, introduction_to_nature_2
D:10:     minmay_the_grid_triangle_9x9_rhombus_thin_mashed
          [minmay_the_grid_triangle_9x9_zippers_vertical,
          minmay_the_grid_triangle_9x9_prize_special,
          minmay_the_grid_triangle_9x9_thin_v,
          minmay_the_grid_triangle_9x9_semitri], layout_basic, serial_shops,
          nicolae_shop_window_shopping, shop_statue, shop,
          nicolae_shop_overgrown_old_shop
D:11:     layout_cave_pools, serial_shops, nicolae_shop_overgrown_old_shop,
          serial_bayou_ford_a, nrook_campfire, minivault_29, uniq_urug
Lair:1:   layout_long_grid, lemuel_fruit_fields
Lair:2:   layout_regular_city, st_stairs_11, beast_lair_carwin_8,
          lemuel_fruit_fields, minmay_lair_oklob_chamber, uniq_gastronok
Lair:3:   layout_roguey, minmay_snake_entry_guardpost_medium,
          grunt_megastairs_4, uniq_rupert

Skill      XL: |  1  2  3  4  5  6  7  8  9 10 11 12 |
---------------+-------------------------------------+-----
Fighting       | 4 5 6 7 9 10 11 12 | 12.7
Stealth        | 2 |  2.6
Dodging        | 3 4 5 6 7 8 9 |  9.3
Axes           | 5 6 7 |  7.4
Shields        | 1 3 5 7 9 10 | 10.3
Short Blades   | 3 5 6 8 9 |  9.4

Action                   |  1- 3 |  4- 6 |  7- 9 | 10-12 || total
-------------------------+-------+-------+-------+-------++-------
Melee: Hand axe          |    74 |   336 |   176 |       ||   586
       Rapier            |       |       |   182 |   488 ||   670
Invok: Convert to Beogh  |       |       |     1 |       ||     1
       Recall Orcish Fol |       |       |       |     9 ||     9
 Abil: Blink             |       |       |       |     1 ||     1
  Use: Potion            |     2 |     3 |       |       ||     5
       Scroll            |       |       |     6 |     4 ||    10
 Stab: Sleeping          |       |     2 |       |       ||     2
       Invisible         |       |     2 |       |       ||     2
       Distracted        |       |       |       |     5 ||     5
  Eat: Chunk             |       |     9 |    10 |    16 ||    35
       Ration            |       |       |     1 |     2 ||     3
Armor: Robe              |    16 |     9 |       |       ||    25
       Plate armour      |       |   182 |       |       ||   182
       Chain mail        |       |    37 |   136 |   128 ||   301
Dodge: Dodged            |    51 |   102 |   124 |   183 ||   460
Block: Buckler           |       |       |    63 |    64 ||   127
       Shield            |       |       |       |   133 ||   133
